 Dungeon Crawl Stone Soup version 0.30.0-15-g856e2d3f33 (webtiles) character file.

Game seed: 16691353170808527961

2646 NateTC the Grappler (level 9, -1/84 HPs)
             Began as a Troll Fighter on May 19, 2023.
             Was an Initiate of Gozag.
             Slain by Blork the orc
             ... wielding a +6 halberd of venom
              (21 damage)
             ... on level 6 of the Dungeon.
             The game lasted 00:07:49 (3767 turns).

NateTC the Grappler (Troll Fighter)                 Turns: 3767, Time: 00:07:49

Health: -1/84      AC:  4    Str: 33    XL:     9   Next: 35%
Magic:  0/8        EV:  6    Int:  4    God:    Gozag
Gold:   300        SH:  8    Dex:  9    Spells: 8/8 levels left

rFire   . .          .
                       - Unarmed
rCold   . . .        b - +0 kite shield
rNeg    . . .        a - +0 robe
rPois   .            (helmet restricted)
rElec   .            (no cloak)
rCorr   .            (gloves unavailable)
SInv    .            (boots unavailable)
Will    +....        t - amulet of guardian spirit
Stlth   +            x - +4 ring of slaying
HPRegen 1.14/turn    v - ring of Siastaes {Will+ Str+3}
MPRegen 0.11/turn

%: guardian spirit
@: grasped by roots, gold aura, constricted
A: large, unfitting armour, claws 3, regeneration 1, shaggy fur 1, tough skin 1
a: Renounce Religion, Potion Petition, Call Merchant, Bribe Branch


You were on level 6 of the Dungeon.
You worshipped Gozag.
Gozag was aware of your devotion.
You visited 1 branch of the dungeon, and saw 6 of its levels.

You collected 363 gold pieces.
You paid 63 gold pieces to Gozag.

Inventory:

Missiles
 e - a throwing net (quivered)
Armour
 a - a +0 robe (worn)
 b - a +0 kite shield (worn)
Jewellery
 k - a +6 ring of intelligence
 n - a ring of poison resistance
 t - an amulet of guardian spirit (around neck)
 v - the ring of Siastaes (right claw) {Will+ Str+3}
   (You found it on level 4 of the Dungeon)

   [ring of willpower]

   Str:       It affects your strength (+3).
   Will:      It increases your willpower.
 x - a +4 ring of slaying (left claw)
 z - a ring of see invisible
Wands
 d - a wand of polymorph (13)
 o - a wand of light (10)
Scrolls
 i - 5 scrolls of teleportation
 l - 3 scrolls of noise
 r - 2 scrolls of blinking
 w - 3 scrolls of identify
Potions
 c - 4 potions of might
 f - 3 potions of attraction
 g - a potion of cancellation
 h - a potion of curing
 m - 3 potions of resistance
 p - a potion of invisibility
 q - a potion of berserk rage
 s - a potion of flight
 u - 2 potions of lignification {unknown}
 A - a potion of ambrosia {unknown}


   Skills:
 * Level 3.9 Fighting
 - Level 2.4 Dodging
 * Level 4.3 Shields
 - Level 11.8 Unarmed Combat


You had 8 spell levels left.
You didn't know any spells.
Your spell library contained the following spells:

 Spells                   Type           Power      Damage    Failure   Level
 Sandblast                Erth           0%         2d4       69%         1
 Passwall                 Tmut/Erth      0%         N/A       83%         2
 Stone Arrow              Conj/Erth      0%         3d7       96%         3
 Vhi's Electric Charge    Tloc/Air       0%         N/A       96%         3
 Manifold Assault         Tloc           0%         N/A       100%        4
 Arcjolt                  Conj/Air       0%         1d10      100%        5
 Dispersal                Tloc           0%         N/A       100%        6
 Disjunction              Tloc           0%         N/A       100%        8
 Maxwell's Capacitive Co  Air            0%         ∞         100%        8


Dungeon Overview and Level Annotations

Branches:
Dungeon (6/15) Zot: 26479
 Temple: D:4-7

Altars:
Gozag
Sif Muna
Uskayaw

Shops:
D:1 ?   D:2 (

Annotations:
D:6 Blork the orc


Innate Abilities, Weirdness & Mutations

You are too large for most types of armour.
You have claws for hands.
Your natural rate of healing is unusually fast.
You are covered in fur. (AC +1)
You have tough skin. (AC +1)


Message History

You feel sick.
Blork the orc hits you from afar with a +6 halberd of venom!
* * * LOW HITPOINT WARNING * * *
You are lethally poisoned!
You block Edmund's attack.
Blork the orc zaps a wand.
The roots erupt in riotous growth!
Edmund is unaffected.
The grasping roots grab you!
Blork the orc is unaffected.
The now-empty wand crumbles to dust.
The grasping roots constrict you.
* * * LOW HITPOINT WARNING * * *
You mangle Edmund!!
You kill Edmund!
Edmund returns to his original shape as he dies.
* * * LOW HITPOINT WARNING * * *
You feel very sick.
Blork the orc miscasts a cantrip.
The grasping roots constrict you.
Blink to where?
Press: ? - help, Dir - move target, f - you
Okay, then.
You feel better.
Blork the orc hits you from afar with a +6 halberd of venom!
* * * LOW HITPOINT WARNING * * *
You are lethally poisoned!
The grasping roots constrict you.
* * * LOW HITPOINT WARNING * * *
Okay, then.
You feel much better.
You feel very sick. Blork the orc barely misses you.
The grasping roots constrict you.
* * * LOW HITPOINT WARNING * * *
Blork the orc hits you from afar with a +6 halberd of venom.
* * * LOW HITPOINT WARNING * * *
You are lethally poisoned!
The grasping roots constrict you.
* * * LOW HITPOINT WARNING * * *
You feel better.
Blork the orc hits you from afar with a +6 halberd of venom!!
You die...
Your body crumbles into a pile of gold.

#.##........#.#
#.##...........
#....##...#.#.#
#######.#.#.#(#
#.#.#.# #
#.###.#)### #.#
#.#.... #.#
.....# #@#
.....# #$#
.....#
#o##.....#
#..'.....#
####.....#
.....# .....#
######


You could see Blork the orc (fast).

Vanquished Creatures
  Maggie (D:6)
  Sigmund (D:3)
  A water moccasin (D:5)
  An orc warrior (D:6)
  A swamp drake (D:6)
  3 black bears
  2 ice beasts
  An ogre (D:4)
  A scorpion (D:4)
  5 wights (D:6)
  3 jellies
  A howler monkey (D:4)
  2 hounds
  3 gnoll boudas
  An orc priest (D:4)
  Ijyb (D:3)
  Jessica (D:3)
  2 iguanas
  Terence (D:2)
  3 sleepcaps
  Natasha (twice) (D:4)
  5 orc wizards
  Robin (D:4)
  14 gnolls
  10 adders
  3 worms
  A dart slug (D:3)
  15 orcs
  8 ball pythons
  4 bats
  7 endoplasms
  3 giant cockroaches
  20 goblins
  12 hobgoblins
  A jackal (D:3)
  6 kobolds
  4 quokkas
  3 frilled lizards
  7 rats
161 creatures vanquished.

Notes
Turn   | Place    | Note
-------+----------+-------------------------------------------
     0 | D:1      | NateTC the Troll Fighter began the quest for the Orb.
     0 | D:1      | Reached XP level 1. HP: 22/22 MP: 0/0
   400 | D:1      | Reached XP level 2. HP: 29/29 MP: 1/1
   548 | D:1      | Found Qurieloo's Magic Scroll Boutique.
   566 | D:1      | Reached skill level 3 in Unarmed Combat
   886 | D:2      | Reached XP level 3. HP: 16/36 MP: 2/2
   893 | D:2      | Reached skill level 4 in Unarmed Combat
   939 | D:2      | Found the +7 Throatcutter {drain, coup de grace}
   960 | D:2      | Reached XP level 4. HP: 44/44 MP: 3/3
  1017 | D:2      | Noticed Terence
  1027 | D:2      | Killed Terence
  1032 | D:2      | Found a hide-covered altar of Uskayaw.
  1045 | D:2      | Found Ulyc's Antique Weapon Emporium.
  1130 | D:2      | Reached skill level 5 in Unarmed Combat
  1349 | D:3      | Noticed Ijyb
  1356 | D:3      | Killed Ijyb
  1357 | D:3      | Reached XP level 5. HP: 50/50 MP: 4/4
  1384 | D:3      | Noticed Jessica
  1390 | D:3      | Killed Jessica
  1433 | D:3      | Identified the +4 mace of Peace {antimagic, Int+3}
  1457 | D:3      | Noticed Sigmund
  1464 | D:3      | Killed Sigmund
  1465 | D:3      | Reached skill level 6 in Unarmed Combat
  1465 | D:3      | Reached XP level 6. HP: 54/59 MP: 5/5
  1490 | D:3      | Reached skill level 7 in Unarmed Combat
  1952 | D:4      | Reached XP level 7. HP: 66/66 MP: 6/6
  2017 | D:4      | Reached skill level 8 in Unarmed Combat
  2022 | D:4      | Noticed Robin
  2030 | D:4      | Killed Robin
  2167 | D:4      | Reached skill level 9 in Unarmed Combat
  2298 | D:4      | Identified the ring of Siastaes {Will+ Str+3}
  2345 | D:4      | Noticed Natasha
  2349 | D:4      | Killed Natasha
  2350 | D:4      | Reached XP level 8. HP: 74/74 MP: 7/7
  2463 | D:4      | Noticed Natasha
  2470 | D:4      | Killed Natasha
  2557 | D:5      | Entered Level 5 of the Dungeon
  2564 | D:5      | Reached skill level 10 in Unarmed Combat
  2767 | D:5      | Found a shimmering blue altar of Sif Muna.
  2894 | D:5      | Found an opulent altar of Gozag.
  2903 | D:5      | Became a worshipper of Gozag Ym Sagoz the Greedy
  2908 | D:5      | Reached skill level 11 in Unarmed Combat
  3523 | D:6      | Reached XP level 9. HP: 67/80 MP: 5/8
  3645 | D:6      | Noticed Maggie
  3672 | D:6      | Killed Maggie
  3754 | D:6      | Noticed Edmund
  3754 | D:6      | Noticed Blork the orc
  3762 | D:6      | Edmund changed into Edmund the swamp drake
  3762 | D:6      | Noticed Edmund
  3764 | D:6      | Killed Edmund the swamp drake
  3764 | D:6      | HP: 3/84 [poisoned by Blork the orc]
  3765 | D:6      | HP: 1/84 [constriction (1)]
  3767 | D:6      | Slain by Blork the orc

Illustrated notes

Levels and vault maps discovered:
D:1:      lemuel_arrival_river_ford, layout_basic, serial_shops, shop
D:2:      layout_rooms, basic_altar, serial_shops,
          nicolae_shop_advertising_works [nicolae_subvault_shop_adworks],
          uniq_terence
D:3:      layout_rooms, minmay_joined_circles, uniq_ijyb, uniq_sigmund,
          uniq_jessica
D:4:      layout_rooms, uniq_robin, uniq_natasha
D:5:      layout_gridville, chequers_temple_overflow_statue_of_worship
D:6:      minmay_flawed_box, layout_basic, trog_three_pillars_becter,
          uniq_edmund, uniq_blork_the_orc, uniq_maggie

Skill      XL: |  1  2  3  4  5  6  7  8  9 |
---------------+----------------------------+-----
Unarmed Combat | 3 4 5 6 7 9 11 | 11.8
Shields        | 4 |  4.3
Fighting       | 3 |  3.9
Dodging        | |  2.4

Action                     |  1- 3 |  4- 6 |  7- 9 || total
---------------------------+-------+-------+-------++-------
  Melee: Unarmed           |    45 |   148 |   216 ||   409
  Evoke: Wand              |       |       |     1 ||     1
    Use: Scroll            |     6 |     7 |     3 ||    16
         Potion            |       |       |     3 ||     3
   Stab: Sleeping          |     1 |       |       ||     1
 Armour: Robe              |     5 |    37 |    41 ||    83
  Dodge: Dodged            |    11 |    42 |    94 ||   147
  Block: Kite shield       |    20 |    57 |    81 ||   158
